 Dungeon Crawl Stone Soup version 0.25-a0-424-g80bd347ae0 (webtiles) character file.

Game seed: 15242552095071484009, levelgen mode: deterministic

732 Kohma the Changer (level 7, 0/57 HPs)
             Began as a Naga Transmuter on Jan 23, 2020.
             Was an Initiate of Cheibriados.
             Slain by a black bear (2 damage)
             ... on level 4 of the Dungeon.
             The game lasted 00:16:56 (5318 turns).

Kohma the Changer (Naga Transmuter)                 Turns: 5318, Time: 00:16:57

Health: 0/57       AC:  5    Str: 13    XL:     7   Next: 73%
Magic:  2/10       EV: 15    Int: 16    God:    Cheibriados [......]
Gold:   116        SH:  5    Dex: 18    Spells: 0/10 levels left

rFire    . . .     SeeInvis +     - Unarmed
rCold    . . .     Gourm    .   n - +0 buckler
rNeg     . . .     Faith    .   b - +0 robe
rPois    +         Spirit   .   (no helmet)
rElec    .         Reflect  .   (no cloak)
rCorr    .         Harm     .   (no gloves)
MR       .....                  (no barding)
Stlth    +++.......             (no amulet)
HPRegen  0.19/turn              l - +2 ring of protection
MPRegen  0.12/turn              (no ring)

@: agile, very slightly contaminated, very slow
A: large, see invisible, deformed body, poison resistance, slowness 2, slow
metabolism 1, spit poison 1, AC +2
a: Spit Poison, Bend Time, Renounce Religion


You were on level 4 of the Dungeon.
You worshipped Cheibriados.
Cheibriados was noncommittal.
You were not hungry.

You visited 2 branches of the dungeon, and saw 6 of its levels.

You collected 116 gold pieces.

Inventory:

Missiles
 a - 10 arrows
 q - 34 poisoned darts (quivered)
Armour
 b - a +0 robe (worn)
 c - a +0 shield
 n - a +0 buckler (worn)
Jewellery
 l - a +2 ring of protection (left hand)
Wands
 p - a wand of flame (25)
Scrolls
 e - a scroll of remove curse
 g - 2 scrolls of magic mapping {unknown}
 r - a scroll of blinking
 t - a scroll of amnesia
Potions
 f - a potion of brilliance
 h - 3 potions of curing
 j - a potion of berserk rage
 o - a potion of ambrosia {unknown}
 s - a potion of haste
 u - a potion of resistance
Comestibles
 d - 4 rations


   Skills:
 - Level 1.0 Fighting
 - Level 1.5 Dodging
 - Level 2.4 Shields
 - Level 3.0 Unarmed Combat
 - Level 2.0 Spellcasting
 + Level 7.9 Transmutations


You couldn't memorise any spells.
You knew the following spells:

 Your Spells              Type           Power        Failure   Level  Hunger
a - Blade Hands           Tmut           ####......   22%         5    ######.
b - Sticks to Snakes      Tmut           ####....     1%          2    ###....
c - Spider Form           Tmut/Pois      ##........   12%         3    ###....

Your spell library contained the following spells:

 Spells                   Type           Power        Failure   Level  Hunger
 Beastly Appendage        Tmut           ####..       1%          1    #......
 Ice Form                 Ice/Tmut       ##......     38%         4    #####..


Dungeon Overview and Level Annotations

Branches:
Dungeon (5/15)             Temple (1/1) D:4

Altars:
Ashenzari
Cheibriados
Dithmenos
Elyvilon
Fedhas
Gozag
Hepliaklqana
Makhleb
Nemelex Xobeh
Ru
Sif Muna
Uskayaw
Wu Jian
Xom
Zin
The Shining One


Innate Abilities, Weirdness & Mutations

You cannot wear boots.
Your serpentine skin is tough. (AC +2)
You have supernaturally acute eyesight. (SInv)
Armour fits poorly on your strangely shaped body.
Your system is resistant to poisons. (rPois)
You cover ground very slowly.
You have a slow metabolism.
You can spit poison.


Message History

You hit the black bear.
The black bear is almost dead.
The black bear bites you!
* * * LOW HITPOINT WARNING * * *
The black bear claws you but does no damage. x2
The giant cockroach bites you but does no damage.
You hit the black bear but do no damage.
The black bear is almost dead.
The black bear misses you. The black bear claws you.
* * * LOW HITPOINT WARNING * * *
The black bear barely misses you. The giant cockroach closely misses you.
The black bear bites you.
* * * LOW HITPOINT WARNING * * *
The black bear claws you but does no damage. x2
You feel agile all of a sudden. The giant cockroach barely misses you.
The black bear closely misses you. The black bear claws you.
* * * LOW HITPOINT WARNING * * *
The black bear claws you.
You die...

##+## #.###.##.#
#.# #........# #.#
#####.#### ##.##
#.# ##...##
######.#
######.....#
#......#
.....##...##
#.######
####.###.#######h#
#..........5s@#
###############


You could see a black bear (berserk), a crimson imp and a giant cockroach.

Vanquished Creatures
  2 ogres (D:4)
  A water moccasin skeleton (D:4)
  3 hounds (D:4)
  An orc priest (D:4)
  An iguana (D:4)
  Natasha (thrice) (D:3)
  Ijyb (D:3)
  A worker ant (D:4)
  A hound skeleton (D:4)
  6 gnolls
  8 adders
  An adder skeleton (D:4)
  A worm (D:2)
  A dart slug (D:1)
  A leopard gecko (D:2)
  2 orcs (D:4)
  4 giant cockroaches
  10 goblins
  8 hobgoblins
  9 jackals
  7 kobolds
  A quokka (D:2)
  2 ball pythons
  12 bats
  6 frilled lizards
  4 rats
97 creatures vanquished.

Vanquished Creatures (collateral kills)
  An adder (D:2)
  An ooze (D:1)
  A giant cockroach (D:1)
  A rat (D:1)
4 creatures vanquished.

Grand Total: 101 creatures vanquished

Notes
Turn   | Place    | Note
-------+----------+-------------------------------------------
     0 | D:1      | Kohma the Naga Transmuter began the quest for the Orb.
     0 | D:1      | Reached XP level 1. HP: 18/18 MP: 3/3
   231 | D:1      | Reached XP level 2. HP: 8/25 MP: 3/5
   470 | D:1      | Learned a level 2 spell: Sticks to Snakes
   491 | D:1      | Reached skill level 3 in Transmutations
   955 | D:1      | Reached XP level 3. HP: 31/31 MP: 4/6
  1497 | D:2      | Learned a level 3 spell: Spider Form
  1528 | D:2      | Reached skill level 4 in Transmutations
  1805 | D:2      | Reached XP level 4. HP: 18/38 MP: 5/7
  2307 | D:2      | Reached skill level 5 in Transmutations
  2307 | D:2      | Reached XP level 5. HP: 44/44 MP: 5/8
  2892 | D:3      | Noticed Natasha
  2897 | D:3      | Killed Natasha
  2897 | D:3      | Reached skill level 1 in Shields
  3147 | D:3      | Noticed Natasha
  3157 | D:3      | Killed Natasha
  3157 | D:3      | Reached XP level 6. HP: 29/51 MP: 6/9
  3342 | D:3      | Noticed Ijyb
  3349 | D:3      | Killed Ijyb
  3423 | D:3      | Noticed Natasha
  3453 | D:3      | Killed Natasha
  3725 | D:4      | Reached skill level 6 in Transmutations
  4054 | D:4      | Reached XP level 7. HP: 57/57 MP: 6/10
  4148 | D:4      | Reached skill level 7 in Transmutations
  4990 | D:4      | Found a staircase to the Ecumenical Temple.
  5018 | Temple   | Entered the Ecumenical Temple
  5160 | Temple   | Learned a level 5 spell: Blade Hands
  5164 | Temple   | Became a worshipper of Cheibriados the Contemplative
  5294 | D:5      | Entered Level 5 of the Dungeon
  5318 | D:4      | HP: 2/57 [black bear (5)]
  5318 | D:4      | Slain by a black bear

Levels and vault maps discovered:
D:1:      dpeg_arrival_arbitrary_a, layout_basic, minmay_misc_feat_enclosed,
          st_stairs_4
D:2:      layout_basic
D:3:      layout_rooms, minivault_11, uniq_natasha, uniq_ijyb
D:4:      layout_loops_corners, minmay_temple_entry_poolview, first_ration
D:5:      layout_basic, overflow_temple_1_default, uniq_menkaure, uniq_pikel,
          uniq_grinder, uniq_sigmund
Temple:   nicolae_temple_elliptical

Skill      XL: |  1  2  3  4  5  6  7 |
---------------+----------------------+-----
Transmutations | 3 4 5 6 7 |  7.9
Shields        | 1 2 |  2.4
Fighting       | |  1.0
Dodging        | |  1.5
Unarmed Combat | |  3.0
Spellcasting   | |  2.0

Action                   |  1- 3 |  4- 6 |  7- 9 || total
-------------------------+-------+-------+-------++-------
Melee: Unarmed           |   103 |   183 |    77 ||   363
       Headbutt          |    14 |     4 |       ||    18
       Punch             |     1 |       |       ||     1
 Cast: Beastly Appendage |    17 |     8 |       ||    25
       Sticks to Snakes  |     5 |     1 |       ||     6
       Spider Form       |       |    18 |     7 ||    25
Evoke: Wand              |       |       |     1 ||     1
  Use: Scroll            |       |    13 |     2 ||    15
       Potion            |       |       |     2 ||     2
 Stab: Invisible         |       |       |     1 ||     1
  Eat: Chunk             |     1 |     6 |     3 ||    10
       Ration            |       |     1 |     1 ||     2
Armor: Robe              |    28 |    15 |    20 ||    63
       Skin              |       |     7 |     5 ||    12
Dodge: Dodged            |    65 |   156 |    93 ||   314
Block: Buckler           |       |       |     7 ||     7

Table legend:
 A = Non-vault XP
 B = Vault XP
 C = Vault XP percentage of total XP
 D = Non-vault monster count
 E = Vault monster count
 F = Vault count percentage of total count
                 A         B        C        D         E       F
            +---------+---------+-------+---------+---------+-------
      Total |     968 |      78 |   7.5 |      97 |       4 |   4.0
            +---------+---------+-------+---------+---------+-------
        D:1 |      33 |       7 |  17.5 |      20 |       2 |   9.1
        D:2 |     149 |       0 |   0.0 |      32 |       0 |   0.0
        D:3 |     156 |      71 |  31.3 |      26 |       2 |   7.1
        D:4 |     630 |       0 |   0.0 |      19 |       0 |   0.0
            +---------+---------+-------+---------+---------+-------
